cohdb
Replays
Latest Replays
All Replays
Popular Replays
Top Player Replays
Match Explorer
How It Works
Community
CoH3 Stats
Reddit
Sign in to upload your games and track your stats! →
Sign in with Steam
Match 41869437
Unlisted
Match 41869437
Overview
Messages
Build Orders
End
Vickers Machine Gun Team
Construct Section Command Post
Infantry Section
Infantry Section
Infantry Section
Grenade Package
Construct Platoon Command Post
Infantry Section
Selects Indian Artillery Battlegroup
Selects Valour
Infantry Training
Vickers Machine Gun Team
Darbesky
jota barba 7
Norwood 3 gaming
DragonForeskin
0
0
Comments
sign in to comment!
No comments posted yet!